 Dungeon Crawl Stone Soup version 0.16.0-11-gd45b091 (webtiles) character file.

601 rjames93 the Conjurer (level 7, -8/53 HPs)
             Began as a Pale Draconian Conjurer on Mar 17, 2015.
             Mangled by Prince Ribbit (15 damage)
             ... on level 5 of the Dungeon.
             The game lasted 00:09:44 (4230 turns).

rjames93 the Conjurer (Pale Draconian Conjurer)     Turns: 4230, Time: 00:09:44

Health: -8/53      AC:  6    Str: 10    XL:     7   Next: 18%
Magic:  3/17       EV: 13    Int: 17    God:
Gold:   232        SH:  0    Dex: 12    Spells: 2 memorised, 10 levels left

rFire  . . .     SeeInvis .     a - staff of earth
rCold  . . .     Clarity  .     (armour unavailable)
rNeg   . . .     SustAb   .     (no shield)
rPois  .         Gourm    .     (helmet restricted)
rElec  .         Spirit   .     (no cloak)
rCorr  .         Warding  .     (no gloves)
rMut   .         Stasis   .     (no boots)
MR     .....                    (no amulet)
Stlth  ++........               (no ring)
                                (no ring)

@: very slightly contaminated, not resistant to hostile enchantments, unstealthy
A: breathe steam, unfitting armour, cold-blooded, AC +6
a: Breathe Steam


You were on level 5 of the Dungeon.
You were very hungry.

You visited 1 branch of the dungeon, and saw 5 of its levels.

You collected 232 gold pieces.

Inventory:

Missiles
 n - 15 silver sling bullets
Magical staves
 a - an uncursed staff of earth (weapon)
Magical devices
 l - a wand of confusion (26)
Scrolls
 d - 3 scrolls of remove curse
 e - 3 scrolls of identify
 g - 2 scrolls of immolation {unknown}
 h - a scroll of noise {unknown}
 i - 2 scrolls of recharging {unknown}
 j - 2 scrolls of fog
 k - 2 scrolls of teleportation
Books
 c - a book of Conjurations

   Spells                             Type                      Level
   a - Magic Dart                     Conjuration                  1
   b - Searing Ray                    Conjuration                  2
   c - Dazzling Spray                 Conjuration/Hexes            3
   d - Fulminant Prism                Conjuration/Hexes            4
   e - Iskenderun's Mystic Blast      Conjuration                  4
   f - Iskenderun's Battlesphere      Conjuration/Charms           5
Comestibles
 b - 3 bread rations
 m - a slice of pizza


   Skills:
 + Level 1.9 Fighting
 * Level 1.2 Staves
 + Level 3.3 Dodging
 + Level 2.3 Stealth
 - Level 1.8 Unarmed Combat
 + Level 4.4 Spellcasting
 + Level 5.6 Conjurations
 + Level 0.3 Hexes


You had 10 spell levels left.
You knew the following spells:

 Your Spells              Type           Power        Failure   Level  Hunger
a - Magic Dart            Conj           ###.         1%          1    None
b - Dazzling Spray        Conj/Hex       ##......     14%         3    ###....


Dungeon Overview and Level Annotations

Branches:
Dungeon (5/15)             Temple (0/1) D:5

Altars:
Fedhas
Okawaru
Trog
Yredelemnul

Annotations:
D:5 Prince Ribbit


Innate Abilities, Weirdness & Mutations

You can breathe blasts of scalding steam.
Your pale cyan-grey scales are hard (AC +6).
Your body does not fit into most forms of armour.
Your cold-blooded metabolism reacts poorly to cold.


Message History

The sky beast flickers out of sight!
Deactivating autopickup; reactivate with Ctrl-A.
A sky beast appears from thin air!
Reactivating autopickup.
Prince Ribbit says, "You're just another fly to me."
Casting: Magic Dart
Confirm with . or Enter, or press ? or * to list all spells.
Aiming: Dazzling Spray
Press: ? - help, Shift-Dir - straight line, f - ogre
Aim: an ogre, wielding a giant spiked club The spray of energy hits the ogre.
The ogre is moderately wounded.
The sky beast flickers out of sight!
Deactivating autopickup; reactivate with Ctrl-A.
A sky beast appears from thin air!
Reactivating autopickup.
Prince Ribbit hits you!
* * * LOW HITPOINT WARNING * * *
Prince Ribbit hits you!
You die...

### ### #.## ######.##
#..### #.......# ###..##
####...## #########..##
##...## ##........#O.##
##....# ###..........#F.##
##....##
##.((........O##@.####.....#
#............####....#....##
.............# #..........##
...........Y##
#...........## ............#
##............###
...........##
#...............##
#..........#
##..................
########.###
#..5..............#. #ยง#
#................##


You could see Prince Ribbit and an ogre.

Vanquished Creatures
  Blork the orc (D:5)
  3 scorpions (D:5)
  A hound (D:5)
  A crimson imp (D:5)
  3 orc priests (D:3)
  A worker ant (D:4)
  An iguana (D:5)
  A hound skeleton (D:4)
  A worker ant zombie (D:5)
  5 adders
  4 gnolls
  4 worms
  An ooze (D:2)
  6 orcs
  A ball python (D:1)
  A bat skeleton (D:5)
  6 giant cockroaches
  A hobgoblin (D:1)
  3 jackals (D:1)
  12 kobolds
  A quokka (D:2)
  11 bats
  A giant newt (D:2)
  7 goblins
  A jackal skeleton (D:5)
  4 rats
82 creatures vanquished.

Notes
Turn   | Place    | Note
--------------------------------------------------------------
     0 | D:1      | rjames93, the Draconian Conjurer, began the quest for the Orb.
     0 | D:1      | Reached XP level 1. HP: 14/14 MP: 3/3
   139 | D:1      | Reached XP level 2. HP: 20/20 MP: 1/4
   910 | D:2      | Reached XP level 3. HP: 26/26 MP: 0/6
  1384 | D:2      | Reached XP level 4. HP: 25/34 MP: 2/8
  1445 | D:2      | Reached skill level 1 in Unarmed Combat
  1740 | D:2      | Found a basalt altar of Yredelemnul.
  2193 | D:3      | Reached skill level 1 in Fighting
  2198 | D:3      | Reached XP level 5. HP: 12/40 MP: 0/11
  2459 | D:3      | Reached skill level 5 in Conjurations
  2964 | D:4      | Reached XP level 6. HP: 47/47 MP: 0/13
  2989 | D:4      | Noticed a centaur
  3001 | D:5      | Entered Level 5 of the Dungeon
  3020 | D:5      | Noticed Blork the orc
  3143 | D:5      | Learned a level 3 spell: Dazzling Spray
  3535 | D:5      | Found an iron altar of Okawaru.
  3536 | D:5      | Found a bloodstained altar of Trog.
  3624 | D:5      | Noticed Prince Ribbit
  3696 | D:5      | Your scales start fading to a pale cyan-grey colour.
  3696 | D:5      | Reached XP level 7. HP: 18/53 MP: 1/17
  4008 | D:5      | Found a staircase to the Ecumenical Temple.
  4035 | D:5      | Found a blossoming altar of Fedhas.
  4072 | D:5      | Killed Blork the orc
  4072 | D:5      | Reached skill level 1 in Staves
  4230 | D:5      | Mangled by Prince Ribbit

Action                   |  1- 3 |  4- 6 |  7- 9 || total
-------------------------+-------+-------+-------++-------
Melee: Unarmed           |    95 |    51 |       ||   146
       Staff             |       |    38 |     8 ||    46
 Cast: Magic Dart        |    73 |   124 |    20 ||   217
       Dazzling Spray    |       |    10 |     4 ||    14
 Abil: Breathe Steam     |       |       |     1 ||     1
  Use: Potion            |     1 |     4 |       ||     5
       Scroll            |       |     5 |     1 ||     6
 Stab: Invisible         |       |     1 |       ||     1
  Eat: Chunk             |     2 |     1 |       ||     3
       Meat ration       |       |     1 |       ||     1
       Bread ration      |       |     1 |       ||     1
